 Dungeon Crawl Stone Soup version 0.31-a0-229-g1fc7ce93e2 (webtiles) character file.

Game seed: 10721880668542698524

1004 qw the Skirmisher (level 8, -3/48 HPs)
             Began as a Gargoyle Hexslinger on July 6, 2023.
             Slain by a wight
             ... wielding a +0 flail
              (7 damage)
             ... on level 7 of the Dungeon.
             The game lasted 00:01:25 (3660 turns).

qw the Skirmisher (Gargoyle Hexslinger)             Turns: 3660, Time: 00:01:25

Health: -3/48      AC: 18    Str: 13    XL:     8   Next: 20%
Magic:  9/9        EV: 10    Int: 13    God:
Gold:   148        SH:  0    Dex: 14    Spells: 8/9 levels left

rFire   . . .        Y - +0 orcbow
rCold   . . .        (shield currently unavailable)
rNeg    + + .        a - +6 ring mail of Anarchy {rN+ Stlth+}
rPois   inf          (no helmet)
rElec   +            c - +0 cloak
rCorr   .            (no gloves)
SInv    .            (no boots)
Will    .....        (no amulet)
Stlth   ++           (no ring)
HPRegen 0.28/turn    (no ring)
MPRegen 0.11/turn

%: no passive effects
@: no status effects
A: sickness immunity, AC +5, negative energy resistance 1, electricity
resistance, torment resistance 1, petrification resistance
a: no special abilities


You were on level 7 of the Dungeon.
You visited 1 branch of the dungeon, and saw 6 of its levels.

You collected 304 gold pieces.
You spent 156 gold pieces at shops.


Innate Abilities, Weirdness & Mutations

You are immune to sickness and miasma.
Your stone body is resilient. (AC +5)
You are immune to poison.
You resist negative energy. (rN+)
You are resistant to electric shocks. (rElec)
You are resistant to unholy torment.
You are immune to petrification.


   Skills:
 + Level 4.8 Fighting
 - Level 8.1 Ranged Weapons
 - Level 1.7 Armour
 - Level 1.5 Dodging
 - Level 1.0 Spellcasting
 - Level 2.6 Hexes


You had 8 spell levels left.
You knew the following spells:

 Your Spells              Type           Power      Damage    Failure   Level
a - Slow                  Hex            28%        N/A       21%         1

Your spell library contained the following spells:

 Spells                   Type           Power      Damage    Failure   Level
 Inner Flame              Hex/Fire       4%         N/A       71%         3
 Portal Projectile        Hex/Tloc       8%         N/A       71%         3
 Cause Fear               Hex            3%         N/A       89%         4

Inventory:

Hand Weapons
 Y - a +0 orcbow (weapon)
Armour
 a - the +6 ring mail of Anarchy (worn) {rN+ Stlth+}
   (You acquired it on level 2 of the Dungeon)

   rN:        It protects you from negative energy.
   Stlth:     It makes you more stealthy.
 c - a +0 cloak (worn)
 d - a +0 pair of boots
Scrolls
 h - 2 scrolls of identify
 k - 2 scrolls of teleportation
Potions
 b - a potion of curing
 f - a potion of heal wounds
 g - a potion of enlightenment

Dungeon Overview and Level Annotations

Branches:
Dungeon (5/15)
 Temple: D:4-7

Altars:
Sif Muna
Vehumet
Zin
The Shining One


Message History

HP restored.
Items here: ))) [[[.
Things that are here:
a +3 trident; a +0 robe
Things that are here:
a +0 falchion; an orc corpse 3 wights come into view.
A wight is wielding a +1 halberd of freezing.
The wight moves out of view.
You shoot an arrow.
The arrow hits the wight but does no damage.
You shoot an arrow.
The arrow hits the wight but does no damage.
You shoot an arrow.
The arrow hits the wight but does no damage.
The wight hits you but does no damage.
You shoot an arrow. The arrow hits the wight.
The wight is lightly damaged.
The wight hits you but does no damage. The wight barely misses you.
The wight hits you with a +6 war axe!
You shoot an arrow.
The arrow hits the wight but does no damage.
The wight is lightly damaged.
The wight hits you from afar with a +1 halberd of freezing.
The wight freezes you. The wight hits you with a +0 flail.
The wight hits you with a +6 war axe.
You shoot an arrow. The arrow hits the wight.
The wight is moderately damaged.
The wight hits you from afar with a +1 halberd of freezing.
The wight freezes you. The wight hits you but does no damage.
The wight barely misses you.
You shoot an arrow.
The arrow hits the wight but does no damage.
The wight is moderately damaged.
The wight barely misses you. The wight closely misses you. x2
You shoot an arrow. The arrow barely misses the wight.
The wight closely misses you. The wight barely misses you. x2
The wight hits you from afar with a +1 halberd of freezing!
The wight freezes you. The wight hits you with a +0 flail!
You die...

#. ##. #####.#### ##.. ###
#.....##.. ... ..#
#.######.# .. #.# ##.###
#.# ##z# #.#
.....####.####.z###.#
.....#.........z@...#
...........###.###..#
.....#.##..# #.###..######
.....#.##..# #...........#
##.###.##..#######..####.#
#># #.##...........# #.#
#.###...#####.## #.# #.#
###.# #.# #.# #.# #)# #.#


You could see 3 wights.

Vanquished Creatures
  An ice beast (D:5)
  A black bear (D:4)
  3 ogres
  A phantom (D:4)
  A scorpion (D:4)
  4 wights (D:7)
  A jelly (D:7)
  A hound (D:5)
  An orc priest (D:5)
  Jessica (D:3)
  4 adders
  2 white imps (D:5)
  2 worms
  A dart slug (D:3)
  8 orcs
  2 bats
  3 endoplasms (D:1)
  A giant cockroach (D:1)
  5 goblins
  A hobgoblin (D:2)
  3 jackals (D:4)
  A quokka (D:2)
  4 ball pythons
  7 frilled lizards
  7 kobolds
  7 rats
73 creatures vanquished.

Notes
Turn   | Place    | Note
-------+----------+-------------------------------------------
     0 | D:1      | qw the Gargoyle Hexslinger began the quest for the Orb.
     0 | D:1      | Reached XP level 1. HP: 12/12 MP: 2/2
     0 | D:1      | 0 ||| qw: Version: 0.3-a-46-gb1f654a
     0 | D:1      | 0 ||| qw: Game counter: 1116
     0 | D:1      | 0 ||| qw: Melee chars always use a shield: true
     0 | D:1      | 0 ||| qw: God list: Okawaru
     0 | D:1      | 0 ||| qw: Allow faded altars: false
     0 | D:1      | 0 ||| qw: Do Orc after clearing Dungeon:15 true
     0 | D:1      | 0 ||| qw: Do second Lair branch before Depths: true
     0 | D:1      | 0 ||| qw: Lair rune preference: random
     0 | D:1      | 0 ||| qw: Goals: Normal
     0 | D:1      | 0 ||| PLANNING D:1-11
   122 | D:1      | Reached XP level 2. HP: 16/16 MP: 3/3
   283 | D:1      | Reached skill level 3 in Ranged Weapons
   314 | D:1      | Found a faded altar of an unknown god.
   519 | D:1      | 519 ||| UPGRADING to +0 leather armour.
   529 | D:1      | 529 ||| DROPPING +0 robe.
   530 | D:1      | 530 ||| UPGRADING to +0 acid dragon scales.
   540 | D:1      | 540 ||| DROPPING +0 leather armour.
   541 | D:1      | 541 ||| READING scroll labelled UDIYNOGROE.
   542 | D:1      | 542 ||| READING 2 scrolls labelled CAYMIXEALI.
   543 | D:1      | 543 ||| DRINKING 2 fizzy inky potions.
   648 | D:1      | 648 ||| DROPPING scroll of poison.
   649 | D:1      | 649 ||| DROPPING potion of berserk rage.
   740 | D:2      | Reached XP level 3. HP: 8/21 MP: 4/4
  1361 | D:2      | 1361 ||| READING scroll labelled YWIUKY NAEN.
  1362 | D:2      | 1362 ||| READING scroll labelled SEETIF RUUSI.
  1362 | D:2      | Identified a scroll of acquirement
  1362 | D:2      | 1362 ||| ACQUIRING +6 ring mail of Anarchy {rN+ Stlth+}
  1362 | D:2      | Acquired the +6 ring mail of Anarchy {rN+ Stlth+}
  1364 | D:2      | 1364 ||| UPGRADING to +6 ring mail of Anarchy {rN+ Stlth+}.
  1374 | D:2      | 1374 ||| DROPPING +0 acid dragon scales.
  1375 | D:2      | 1375 ||| READING 3 scrolls of identify.
  1375 | D:2      | 1375 ||| IDENTIFYING coppery potion
  1376 | D:2      | 1376 ||| READING 2 scrolls of identify.
  1376 | D:2      | 1376 ||| IDENTIFYING murky black potion
  1377 | D:2      | 1377 ||| DROPPING potion of magic.
  1420 | D:3      | Identified the +5 dagger "Quivauxug" {heavy, *Slow rC+
                  | Str+3 Stlth+}
  1478 | D:3      | HP: 3/21 [worm (9)]
  1561 | D:3      | Noticed an ogre
  1567 | D:3      | Killed an ogre
  1568 | D:3      | Reached skill level 4 in Ranged Weapons
  1568 | D:3      | Reached XP level 4. HP: 23/26 MP: 5/5
  1568 | D:3      | Reached XP level 5. HP: 27/30 MP: 6/6
  1605 | D:3      | Found a radiant altar of Vehumet.
  1636 | D:3      | 1636 ||| SWAPPING to +0 orcbow.
  1640 | D:3      | 1640 ||| DROPPING +1 sling.
  1968 | D:3      | Found Raeqovoc's Magic Scroll Shoppe.
  1972 | D:3      | 1972 ||| BUYING scroll of identify (26 gold).
  1972 | D:3      | Bought a scroll of identify for 26 gold pieces
  1972 | D:3      | 1972 ||| BUYING scroll of identify (26 gold).
  1972 | D:3      | Bought a scroll of identify for 26 gold pieces
  1972 | D:3      | 1972 ||| BUYING scroll of identify (26 gold).
  1972 | D:3      | Bought a scroll of identify for 26 gold pieces
  1972 | D:3      | 1972 ||| BUYING scroll of teleportation (39 gold).
  1972 | D:3      | Bought a scroll of teleportation for 39 gold pieces
  1972 | D:3      | 1972 ||| BUYING scroll of teleportation (39 gold).
  1972 | D:3      | Bought a scroll of teleportation for 39 gold pieces
  2003 | D:3      | Noticed Jessica
  2004 | D:3      | Killed Jessica
  2005 | D:3      | Reached skill level 1 in Armour
  2010 | D:3      | Found a shimmering blue altar of Sif Muna.
  2213 | D:3      | 2213 ||| DROPPING scarf of invisibility.
  2214 | D:3      | 2214 ||| DROPPING ring of wizardry.
  2215 | D:3      | 2215 ||| READING scroll labelled ZEIMUR MALET.
  2216 | D:3      | 2216 ||| READING 5 scrolls of identify.
  2216 | D:3      | 2216 ||| IDENTIFYING inky potion
  2217 | D:3      | 2217 ||| READING 4 scrolls of identify.
  2217 | D:3      | 2217 ||| IDENTIFYING smoky black potion
  2218 | D:3      | 2218 ||| READING 3 scrolls of identify.
  2218 | D:3      | 2218 ||| IDENTIFYING amethyst potion
  2219 | D:3      | 2219 ||| DROPPING potion of attraction.
  2238 | D:4      | Reached skill level 5 in Ranged Weapons
  2245 | D:4      | Noticed a black bear
  2257 | D:4      | Killed a black bear
  2258 | D:4      | Reached skill level 3 in Fighting
  2258 | D:4      | Reached XP level 6. HP: 20/38 MP: 7/7
  2419 | D:4      | Found a glowing golden altar of the Shining One.
  2419 | D:4      | Found a glowing silver altar of Zin.
  2548 | D:4      | Reached skill level 6 in Ranged Weapons
  2669 | D:4      | Reached XP level 7. HP: 39/44 MP: 8/8
  2817 | D:4      | 2817 ||| UPGRADING to +0 cloak.
  2822 | D:4      | 2822 ||| READING 3 scrolls of identify.
  2822 | D:4      | 2822 ||| IDENTIFYING glowing cyan potion
  2823 | D:4      | 2823 ||| DROPPING potion of brilliance.
  2847 | D:5      | Entered Level 5 of the Dungeon
  2853 | D:5      | 2853 ||| STAIRDANCE
  3039 | D:5      | Reached skill level 7 in Ranged Weapons
  3416 | D:5      | You fall into a shaft and drop 2 floors!
  3470 | D:7      | Reached XP level 8. HP: 41/48 MP: 9/9
  3480 | D:7      | Reached skill level 8 in Ranged Weapons
  3483 | D:7      | HP: 12/48 [wight/+3 trident (11)]
  3484 | D:7      | 3484 ||| READING 3 scrolls of teleportation.
  3660 | D:7      | HP: 9/48 [wight/+1 halberd of freezing (10)]
  3660 | D:7      | HP: 4/48 [wight/+1 halberd of freezing (5)]
  3660 | D:7      | Slain by a wight

Levels and vault maps discovered:
D:1:      onia_arrival_handbag, layout_rooms, shapermc_ecumenical_altar_gd,
          minmay_tromino_i2
D:2:      layout_loops_cross
D:3:      layout_loops_cross, vehumet_crystals, tgw_sif, serial_shops, shop,
          uniq_jessica
D:4:      layout_gridville, nicolae_overflow_two_pavilions,
          chequers_serial_rivers_micro_e
D:5:      layout_loops_corners
D:7:      layout_loops_ring

Skill      XL: |  1  2  3  4  5  6  7  8 |
---------------+-------------------------+-----
Ranged Weapons | 3 4 5 6 7 8 |  8.1
Fighting       | 2 3 4 |  4.8
Armour         | 1 |  1.7
Dodging        | |  1.5
Spellcasting   | |  1.0
Hexes          | |  2.6

Action                     |  1- 3 |  4- 6 |  7- 9 || total
---------------------------+-------+-------+-------++-------
   Fire: Sling             |   137 |     2 |       ||   139
         Orcbow            |       |    78 |   105 ||   183
    Use: Scroll            |     6 |     4 |     2 ||    12
         Potion            |     1 |       |       ||     1
 Armour: Robe              |    14 |       |       ||    14
         Acid dragon scale |    26 |       |       ||    26
         Ring mail         |     5 |    35 |    26 ||    66
  Dodge: Dodged            |    50 |    24 |    34 ||   108

Table legend:
 A = Non-vault XP
 B = Vault XP
 C = Vault XP percentage of total XP
 D = Non-vault monster count
 E = Vault monster count
 F = Vault count percentage of total count
                 A         B        C        D         E       F
            +---------+---------+-------+---------+---------+-------
      Total |    1393 |      42 |   2.9 |      68 |       5 |   6.8
            +---------+---------+-------+---------+---------+-------
        D:1 |      23 |       5 |  17.9 |      17 |       4 |  19.0
        D:2 |      26 |       0 |   0.0 |       7 |       0 |   0.0
        D:3 |     162 |      37 |  18.6 |      15 |       1 |   6.2
        D:4 |     569 |       0 |   0.0 |      11 |       0 |   0.0
        D:5 |     267 |       0 |   0.0 |      12 |       0 |   0.0
        D:7 |     346 |       0 |   0.0 |       6 |       0 |   0.0
            +---------+---------+-------+---------+---------+-------
